 Dungeon Crawl Stone Soup version 0.30-a0-728-gc68057be0a (webtiles) character file.

Game seed: 12573324004403474455

40 M4edhros the Insei (level 3, 0/26 HPs)
             Began as an Octopode Monk on Jan 30, 2023.
             Slain by a gnoll
             ... wielding a +0 club
             ... led by a gnoll bouda
              (7 damage)
             ... on level 4 of the Dungeon.
             The game lasted 00:01:23 (880 turns).

M4edhros the Insei (Octopode Monk)                   Turns: 880, Time: 00:01:24

Health: 0/26       AC:  1    Str: 10    XL:     3   Next: 50%
Magic:  3/3        EV: 14    Int: 12    God:
Gold:   90         SH:  0    Dex: 16    Spells: 2/2 levels left

rFire   . . .      SeeInvis .      - Unarmed
rCold   . . .      Faith    .    (no shield)
rNeg    . . .      Spirit   .    (helmet restricted)
rPois   .          Reflect  .    (no amulet)
rElec   .          Harm     .    (no ring)
rCorr   .          Rampage  .    (no ring)
Will    .....                    (no ring)
Stlth   ++                       (no ring)
HPRegen 0.24/turn                (no ring)
MPRegen 0.08/turn                (no ring)
                                 (no ring)
                                 (no ring)

@: confused, ambrosia-drunk, weakened
A: almost no armour, amphibious, 8 rings, camouflage 1, gelatinous body 1,
(nimble swimmer 1), tentacles
a: no special abilities


You were on level 4 of the Dungeon.
You visited 1 branch of the dungeon, and saw 4 of its levels.

You collected 90 gold pieces.

Inventory:

Wands
 d - a wand of digging (2)
Scrolls
 c - a scroll of blinking {unknown}
 f - a scroll of butterflies {unknown}
 g - 2 scrolls of teleportation {unknown}
 i - a scroll of identify {unknown}
 j - a scroll of enchant weapon {unknown}


   Skills:
 + Level 3.3 Fighting
 + Level 3.4 Dodging
 - Level 2.6 Stealth
 * Level 3.7 Unarmed Combat


You had 2 spell levels left.
You didn't know any spells.
Your spell library was empty.

Dungeon Overview and Level Annotations

Branches:
Dungeon (4/15)
 Temple: D:4-7

Altars:
Nemelex Xobeh
Uskayaw
Vehumet


Innate Abilities, Weirdness & Mutations

You cannot wear most types of armour.
You are amphibious.
You can wear up to eight rings at the same time.
Your skin changes colour to match your surroundings (Stealth+).
Your rubbery body absorbs attacks. (AC +1, EV +1)
((You are camouflaged when in or above water. (Stealth+)))
You have tentacles for arms and can constrict up to eight enemies at once.


Message History

You feel very buoyant.
You fly up into the air.
The gnoll closely misses you. x2
It was a potion of cancellation.
Your magical effects are unravelling.
You feel magically purged.
You float gracefully downwards.
The gnoll misses you.
The gnoll hits you from afar with a +0 halberd.
* * * LOW HITPOINT WARNING * * *
The gnoll bouda gazes fiercely through you!
You feel your attacks grow feeble.
The orc throws a silver boomerang.
The silver boomerang closely misses you.
The gnoll closely misses you.
Unknown command.
Unknown command.
You are confused.
You feel invigorated. The gnoll barely misses you.
The gnoll closely misses you. The orc misses you.
An iguana comes into view.
The gnoll bouda gazes fiercely through you!
You feel as though you will be weak longer.
The gnoll closely misses you.
You tentacle-slap the orc.
The orc is lightly wounded.
The gnoll barely misses you. The gnoll completely misses you.
The orc hits you with a +4 short sword.
* * * LOW HITPOINT WARNING * * *
The orc hits you with a +0 hand axe.
* * * LOW HITPOINT WARNING * * *
The gnoll bouda barely misses you. The gnoll barely misses you.
You tentacle-slap the orc.
Your tentacle-slap misses the orc.
The orc is severely wounded.
The gnoll hits you with a +0 club.
* * * LOW HITPOINT WARNING * * *
The gnoll barely misses you. The orc closely misses you.
The gnoll bouda completely misses you. The orc closely misses you.
You barely miss the gnoll.
Your tentacle-slap misses the gnoll.
Your squeeze misses the gnoll. The gnoll closely misses you.
The gnoll hits you with a +0 club!
You die...

#.# #.##
##.#######
###........##
##...>.......##
#.............#
#.............#
#.........$...##
#..........g@o.#
#...........go.#
#.........g.g...#
.................
...........###.l..
..........# #...
#.......## ...
####... ..


You could see a gnoll bouda, an iguana, 3 gnolls and 2 orcs.

Vanquished Creatures
  A gnoll (D:4)
  An adder (D:3)
  3 orcs
  2 ball pythons (D:4)
  2 endoplasms
  4 goblins
  2 hobgoblins
  A quokka (D:4)
  A frilled lizard (D:2)
17 creatures vanquished.

Notes
Turn   | Place    | Note
-------+----------+-------------------------------------------
     0 | D:1      | M4edhros the Octopode Monk began the quest for the Orb.
     0 | D:1      | Reached XP level 1. HP: 16/16 MP: 1/1
   262 | D:2      | Reached XP level 2. HP: 15/21 MP: 2/2
   443 | D:3      | Reached XP level 3. HP: 16/26 MP: 3/3
   518 | D:3      | You fall into a shaft and drop 1 floor!
   653 | D:4      | Found a sparkling altar of Nemelex Xobeh.
   654 | D:4      | Found a hide-covered altar of Uskayaw.
   656 | D:4      | Found a radiant altar of Vehumet.
   880 | D:4      | Slain by a gnoll

Illustrated notes

Levels and vault maps discovered:
D:1:      lightli_arrival_maybe_door_vault, layout_rooms
D:2:      layout_rooms
D:3:      layout_loops_ring, hellmonk_ecumenical_altar_blasted
D:4:      layout_cave_pods, nicolae_overflow_hidden_temple, serial_shops, shop,
          st_stairs_14

Action                     || total
---------------------------++-------
  Melee: Unarmed           ||    40
         Constrict         ||    11
         Tentacles         ||     8
    Use: Potion            ||     4
   Stab: Sleeping          ||     4
  Dodge: Dodged            ||    36

Table legend: (Time is in decaauts)
 A = Elapsed time spent in this place.
 B = Non-inter-level travel time spent in this place.
 C = Inter-level travel time spent in this place.
 D = Time resting spent in this place.
 E = Time spent auto-exploring this place.
 F = Levels seen in this place.
 G = Mean time per level.
                   A        B        C        D        E       F      G
               +--------+--------+--------+--------+--------+-----+--------+
         Total |    876 |    875 |      1 |     66 |    647 |   4 |  219.0 |
       Dungeon |    876 |    875 |      1 |     66 |    647 |   4 |  219.0 |
               +--------+--------+--------+--------+--------+-----+--------+

Top non-repeatable levels by time:
     D:4: 360 daAuts
     D:3: 250 daAuts
     D:2: 236 daAuts
     D:1: 29 daAuts
